 Dungeon Crawl Stone Soup version 0.27.1-15-g792fb953b9 (webtiles) character file.

Game seed: 7577603599879167702

144 Descartes the Covert (level 5, 0/27 HPs)
             Began as a Spriggan Delver on Nov 19, 2021.
             Slain by a black bear (3 damage)
             ... on level 4 of the Dungeon.
             The game lasted 00:06:01 (3354 turns).

Descartes the Covert (Spriggan Delver)              Turns: 3354, Time: 00:06:01

Health: 0/27       AC:  2    Str: 15    XL:     5   Next: 5%
Magic:  6/6        EV: 19    Int: 11    God:
Gold:   150        SH:  0    Dex: 17    Spells: 0/4 levels left

rFire    . . .     SeeInvis +   r - +2 dagger (protect)
rCold    . . .     Faith    .   (shield restricted)
rNeg     . . .     Spirit   .   b - +0 robe
rPois    .         Reflect  .   (helmet restricted)
rElec    .         Harm     .   (no cloak)
rCorr    .         Rampage  .   (gloves unavailable)
Will     .....                  (boots unavailable)
Stlth    ++++......             (no amulet)
HPRegen  0.09/turn              k - +6 ring of strength
MPRegen  0.10/turn              (no ring)

@: very quick
A: very small, no large weapons, unfitting armour, see invisible, speed 3
a: no special abilities


You were on level 4 of the Dungeon.
You visited 1 branch of the dungeon, and saw 5 of its levels.

You collected 150 gold pieces.

Inventory:

Hand Weapons
 a - a +0 short sword
 r - a +2 dagger of protection (weapon)
 A - a +0 short sword of venom
Missiles
 i - 33 poisoned darts (quivered)
 n - 73 stones
 w - 7 atropa-tipped darts
 x - 18 arrows
Armour
 b - a +0 robe (worn)
Jewellery
 k - a +6 ring of strength (left hand)
 y - an amulet of faith
Wands
 g - a wand of digging (3)
 h - a wand of mindburst (12)
Scrolls
 c - a scroll of fog
 d - a scroll of magic mapping
 e - 3 scrolls of fear
 m - 3 scrolls of identify {unknown}
 o - a scroll of immolation {unknown}
 u - a scroll of enchant armour {unknown}
 v - 2 scrolls of enchant weapon {unknown}
Potions
 f - a potion of haste
 j - a potion of degeneration {unknown}
 l - a potion of attraction {unknown}
 p - 2 potions of flight {unknown}
 q - a potion of ambrosia {unknown}
 s - a potion of brilliance {unknown}
 t - 2 potions of heal wounds {unknown}
 z - a potion of curing {unknown}


   Skills:
 - Level 2.4 Fighting
 + Level 3.7 Short Blades
 + Level 4.6 Dodging
 + Level 8.5 Stealth
 + Level 0.0 Hexes
 + Level 0.0 Earth Magic


You couldn't memorise any spells.
You knew the following spells:

 Your Spells              Type           Power      Damage    Failure   Level
a - Leda's Liquefaction   Hex/Erth       0%         N/A       98%         4

Your spell library contained the following spells:

 Spells                   Type           Power      Damage    Failure   Level
 Bolt of Magma            Conj/Fire/Erth 0%         4d4       100%        5
 Statue Form              Tmut/Erth      0%         N/A       100%        6


Dungeon Overview and Level Annotations

Branches:
Dungeon (5/15)
 Temple: D:4-7

Altars:
Okawaru

Shops:
D:1 [


Innate Abilities, Weirdness & Mutations

You are very small and have problems with some larger weapons.
You are too small for most types of armour.
You have supernaturally acute eyesight. (SInv)
You cover ground extremely quickly. (Speed+++)


Message History

The black bear completely misses you.
The black bear claws you but does no damage.
The black bear misses you.
You barely miss the black bear.
The black bear is heavily wounded.
The black bear misses you. The black bear barely misses you.
The black bear misses you.
You hit the black bear.
The black bear is severely wounded.
The black bear goes berserk!
You hit the black bear.
The black bear is almost dead.
The black bear bites you. The black bear claws you. The black bear misses you.
You are too injured to fight recklessly!
You are too injured to fight recklessly!
You are too injured to fight recklessly!
You are too injured to fight recklessly!
You are too injured to fight recklessly!
You are too injured to fight recklessly!
You are too injured to fight recklessly!
You are too injured to fight recklessly!
You are too injured to fight recklessly!
You are too injured to fight recklessly!
You are too injured to fight recklessly!
You are too injured to fight recklessly!
You barely miss the black bear.
The black bear is almost dead.
The black bear barely misses you. x2
The black bear claws you but does no damage.
You hit the black bear.
The black bear is almost dead.
The black bear bites you.
* * * LOW HITPOINT WARNING * * *
The black bear claws you but does no damage.
The black bear barely misses you.
There is a stone staircase leading up here.
The black bear closely misses you. The black bear misses you.
The black bear barely misses you. The black bear closely misses you.
The black bear misses you. The black bear claws you.
You die...

#..... ..... ....### ......###
##### ........## ##...###
..........## ##......####
...........## ###..........#
...#####....#######.............
...## ###....#.@...............
....# #.....h..............#
....## ##........###.....##
#....## ##.......## ##...##
##....####........# #...#
##...............## #.[.#
##(..............## ##..#
##........)......# #...
##..............# ###.#


You could see a black bear (berserk).

Vanquished Creatures
  A scorpion (D:4)
  2 adders (D:2)
  4 worms
  A dart slug (D:2)
  3 orcs
  2 bat zombies (D:1)
  7 endoplasms
  3 goblins
  5 hobgoblins
  9 kobolds
  3 quokkas
  4 ball pythons
  4 bats
  A rat (D:1)
49 creatures vanquished.

Vanquished Creatures (others)
  19 fungi (D:4)
19 creatures vanquished.

Grand Total: 68 creatures vanquished

Notes
Turn   | Place    | Note
-------+----------+-------------------------------------------
     0 | D:5      | Descartes the Spriggan Delver began the quest for the Orb.
     0 | D:5      | Reached XP level 1. HP: 11/11 MP: 2/2
    32 | D:4      | Noticed a scorpion
    33 | D:4      | Killed a scorpion
    34 | D:4      | Reached skill level 8 in Stealth
    34 | D:4      | Reached XP level 2. HP: 8/16 MP: 3/3
    34 | D:4      | Reached XP level 3. HP: 9/19 MP: 4/4
   231 | D:4      | Noticed a scorpion
   234 | D:4      | Noticed a scorpion
   236 | D:4      | Noticed a scorpion
   239 | D:4      | Noticed a scorpion
   340 | D:3      | Reached XP level 4. HP: 16/23 MP: 5/5
   661 | D:2      | Found an iron altar of Okawaru.
  1783 | D:1      | Noticed an eye of devastation
  1784 | D:1      | Found a faded altar of an unknown god.
  1789 | D:1      | Noticed a floating eye
  1810 | D:1      | Noticed a floating eye
  1815 | D:1      | Noticed a floating eye
  1889 | D:1      | Found Pecuitotz's Armour Shop.
  2910 | D:3      | Reached XP level 5. HP: 24/27 MP: 6/6
  2950 | D:3      | Learned a level 4 spell: Leda's Liquefaction
  3324 | D:4      | Noticed a black bear
  3354 | D:4      | Slain by a black bear

Illustrated notes

Levels and vault maps discovered:
D:1:      saegor_arrival_fortress, layout_rooms, serial_shops, shop,
          hellmonk_ecumenical_altar_watching_god, minmay_split_cup_small
D:2:      layout_basic, basic_altar
D:3:      minmay_recursive_quarters, layout_basic
D:4:      old_forge, layout_layer_cave, mrwooster_statue_mirror, uniq_eustachio
D:5:      layout_gridville, vehumet_statue, lemuel_doored_altar,
          hangedman_decor_growths, uniq_ijyb

Skill      XL: |  1  2  3 |
---------------+----------+-----
Short Blades   | 3 |  3.7
Dodging        | 3 4 |  4.6
Stealth        | 8 |  8.5
Fighting       | |  2.4

Action                   |  1- 3 |  4- 6 || total
-------------------------+-------+-------++-------
Melee: Short sword       |    21 |    55 ||    76
       Dagger            |       |   112 ||   112
 Stab: Sleeping          |     7 |    18 ||    25
Armor: Robe              |     1 |    22 ||    23
Dodge: Dodged            |    15 |   101 ||   116
